Oilers vs Capitals (R1)

Created - 10 janvier 2013 at 22:06

Goals
1 2 3 T
Oilers 1 0 0 1
Capitals 0 0 0 0
Shots
1 2 3 T
Oilers 9 8 14 31
Capitals 7 3 6 16

1st period

1. Oilers , Ilya Kovalchuk 10 (Kurtis Foster) at 12:10 (PP)

Penalties :
Thomas Vanek (Was) for Fighting (Major) at 0:13, Ilya Kovalchuk (Edm) for Fighting (Major) at 0:13, Mark Fistric (Edm) for Tripping (Minor) at 3:35, Ilya Kovalchuk (Edm) for Holding (Minor) at 7:17, Brian Rafalski (Was) for Roughing (Minor) at 10:59

2nd period

No Goal

Penalties :
Ales Hemsky (Was) for Holding (Minor) at 2:30, Mark Fistric (Edm) for Holding (Minor) at 10:57, Eric Nystrom (Edm) for High sticking (Minor) at 15:54

3rd period

No Goal

Penalties :
Jonathan Toews (Edm) for Slashing (Minor) at 0:32, Eric Nystrom (Edm) for Roughing (Minor) at 1:43, Brian Rolston (Was) for Hooking (Minor) at 4:21, Pascal Dupuis (Edm) for Holding (Minor) at 4:21, Sergei Gonchar (Was) for Hooking (Minor) at 13:38, Ian White (Edm) for Tripping (Minor) at 13:59, Darius Kasparaitis (Was) for Tripping (Minor) at 18:25, Eric Nystrom (Edm) for Cross-checking (Minor) at 18:25

Goalie Stats

Cam Ward (Edm), 16 saves from 16 shots - (1,000), W, 11-7-1, 60:00 minutes
Adam Munro (Was), 30 saves from 31 shots - (0,968), L, 0-1-0, 60:00 minutes

Players Stats for Oilers

Player Name              G  A  P  +/- PIM S  H  SB GA TA FO     MP     PP MP  PK MP  
------------------------------------------------------------------------------------
Eric Nystrom             0  0  0   0  6   1  2  0  0  1  0/0    11:36   0:00   3:33 
Erik Rasmussen           0  0  0   0  0   0  0  0  1  0  9/18   21:28   1:51   5:34 
Ian White                0  0  0   0  2   1  0  0  0  1  0/0    21:44   1:55   1:49 
Ilya Kovalchuk           1  0  1   0  7   8  1  0  0  0  0/0    17:15   1:40   0:42 
Jiri Slegr               0  0  0   0  0   1  3  2  1  1  0/0    26:59   1:56   5:42 
Joe Callahan             0  0  0   0  0   1  3  0  0  0  0/0    19:11   1:35   5:51 
Joe Pavelski             0  0  0   0  0   3  1  0  0  0  0/0    12:47   1:40   0:00 
Jonathan Toews           0  0  0   0  2   3  2  0  0  1  6/15   15:08   1:40   0:17 
Kurtis Foster            0  1  1   0  0   1  3  1  1  0  0/0    17:49   1:35   0:46 
Mark Fistric             0  0  0   0  4   1  0  0  0  0  0/0    15:14   0:00   3:10 
Marty Reasoner           0  0  0   0  0   0  2  1  1  0  7/13   16:44   0:00   5:34 
Pascal Dupuis            0  0  0   0  2   0  1  0  0  0  0/0     6:14   0:00   0:00 
Patrick Kaleta           0  0  0   0  0   0  2  0  1  0  0/0     8:25   0:00   0:00 
Patrick Marleau          0  0  0   0  0   4  4  0  4  0  2/2    16:07   1:51   0:12 
Pavol Demitra            0  0  0   0  0   3  0  1  1  0  0/0    14:33   1:51   0:00 
Rob Scuderi              0  0  0   0  0   2  0  2  0  0  0/0    19:44   0:00   5:36 
Steve Begin              0  0  0   0  0   2  0  0  1  0  0/1    13:31   0:00   4:55 
Vernon Fiddler           0  0  0   0  0   0  1  0  0  0  0/0     8:03   0:00   1:26 

Players Stats for Capitals

Player Name              G  A  P  +/- PIM S  H  SB GA TA FO     MP     PP MP  PK MP  
------------------------------------------------------------------------------------
Ales Hemsky              0  0  0   0  2   1  0  2  0  1  0/0    11:28   0:08   0:00 
Alex Tanguay             0  0  0   0  0   2  1  1  1  0  0/1    23:08   6:09   2:09 
Brian Rafalski           0  0  0   0  2   3  0  3  1  1  0/0    27:20   6:09   1:41 
Brian Rolston            0  0  0   0  2   0  2  0  0  1  2/2    17:00   5:10   0:00 
Darius Kasparaitis       0  0  0   0  2   0  1  0  0  2  0/0    12:33   0:00   1:32 
Dennis Wideman           0  0  0   0  0   2  0  2  0  1  0/0    20:26   5:18   0:39 
Éric Dazé                0  0  0   0  0   0  2  0  1  1  0/0     7:26   0:00   0:23 
Evgeni Malkin            0  0  0   0  0   2  0  0  1  1  15/27  26:28   6:01   2:09 
François Beauchemin      0  0  0   0  0   0  1  1  0  0  0/0    20:26   5:18   0:39 
Jason Blake              0  0  0   0  0   0  1  1  0  1  1/2    13:21   0:51   0:23 
Jordan Staal             0  0  0   0  0   0  0  0  0  0  0/0     0:10   0:00   0:00 
Mike Richards            0  0  0   0  0   0  2  0  0  0  1/4    19:23   5:10   0:59 
Nicklas Backstrom        0  0  0   0  0   1  0  0  0  0  2/3     5:59   0:00   0:00 
Peter Regin              0  0  0   0  0   1  1  0  0  0  3/7    14:21   0:23   0:00 
Sergei Gonchar           0  0  0   0  2   1  1  2  0  1  0/0    27:11   5:59   2:31 
T.J. Oshie               0  0  0   0  0   0  4  0  0  0  1/2    14:26   6:05   0:00 
Thomas Vanek             0  0  0   0  5   3  0  0  0  0  0/1    18:01   4:20   0:59 
Toni Lydman              0  0  0   0  0   0  0  0  0  1  0/0    12:05   0:14   0:00 

3 Stars

1 - Adam Munro (Was)
2 - Cam Ward (Edm)
3 - Kurtis Foster (Edm)

Power Play

Oilers - 1 on 3 Attempt(s) - 33,33%
Capitals - 0 on 7 Attempt(s) - 0,00%

Penalty Kill

Oilers - 7 on 7 Attempt(s) - 100,00% - Score 0 goal in Penalty Kill
Capitals - 2 on 3 Attempt(s) - 66,67% - Score 0 goal in Penalty Kill

Official

Referees : Lee Chris and StPierre Justin
Linesman : Jonny Murray and Scott Cherrey

Game Notes

Thomas Vanek beats up Ilya Kovalchuk at 0:13 of 1st period

Finance

Level 1 -- Attendance: 4580 (76,33%) -- Ticket Income 458 000 $
Level 2 -- Attendance: 3456 (69,12%) -- Ticket Income 207 360 $
Level 3 -- Attendance: 1495 (74,75%) -- Ticket Income 52 325 $
Level 4 -- Attendance: 3782 (94,55%) -- Ticket Income 75 640 $
Luxury Box -- Attendance: 764 (76,40%) -- Ticket Income 152 800 $
Game was played at the Verizon Center
Total Attendance: 14077 (78,21%)
Total Ticket Income: 946 125 $
Total Income: 946 125 $

Oilers

5 vs 5 Forward 
   Center                   Left Wing                Right Wing               Time % Phy DF OF 
 1 Jonathan Toews           Ilya Kovalchuk           Pavol Demitra            35     1   1  3  
 2 Erik Rasmussen           Patrick Marleau          Joe Pavelski             35     1   1  3  
 3 Marty Reasoner           Steve Begin              Patrick Kaleta           20     2   1  2  
 4 Vernon Fiddler           Eric Nystrom             Pascal Dupuis            10     1   3  1  

5 vs 5 Defense 
   Defense                  Defense                                           Time % Phy DF OF 
 1 Kurtis Foster            Rob Scuderi                                       37     1   2  2  
 2 Ian White                Jiri Slegr                                        35     1   2  2  
 3 Joe Callahan             Mark Fistric                                      23     0   3  2  
 4 Kurtis Foster            Joe Callahan                                      5      1   2  2  

PowerPlay Forward 
   Center                   Left Wing                Right Wing               Time % Phy DF OF 
 1 Jonathan Toews           Ilya Kovalchuk           Joe Pavelski             50     0   1  4  
 2 Erik Rasmussen           Patrick Marleau          Pavol Demitra            50     0   1  4  

PowerPlay Defense
   Defense                  Defense                                           Time % Phy DF OF 
 1 Kurtis Foster            Joe Callahan                                      50     0   2  3  
 2 Ian White                Jiri Slegr                                        50     0   2  3  

Penalty Kill 4 Players Forward 
   Center                   Wing                     Time % Phy DF OF 
 1 Marty Reasoner           Steve Begin              50     1   3  1  
 2 Erik Rasmussen           Eric Nystrom             50     1   3  1  

Penalty Kill 4 Players Defense
   Defense                  Defense                  Time % Phy DF OF 
 1 Jiri Slegr               Mark Fistric             50     1   3  1  
 2 Joe Callahan             Rob Scuderi              50     1   3  1  

Penalty Kill - 3 Players Forward 
   Forward                                           Time % Phy DF OF 
 1 Marty Reasoner                                    50     1   2  2  
 2 Erik Rasmussen                                    50     1   3  1  

Penalty Kill - 3 Players Defense
   Defense                  Defense                  Time % Phy DF OF 
 1 Jiri Slegr               Mark Fistric             50     1   3  1  
 2 Joe Callahan             Rob Scuderi              50     1   3  1  

4 vs 4 Forward 
   Center                   Wing                     Time % Phy DF OF 
 1 Erik Rasmussen           Ilya Kovalchuk           50     1   1  3  
 2 Marty Reasoner           Patrick Marleau          50     1   2  2  

4 vs 4 Defense
   Defense                  Defense                  Time % Phy DF OF 
 1 Kurtis Foster            Rob Scuderi              50     1   2  2  
 2 Ian White                Jiri Slegr               50     1   2  2  

Last Minutes Offensive
   Center                   Left Wing                Right Wing               Defense                  Defense                  
   Erik Rasmussen           Ilya Kovalchuk           Joe Pavelski             Ian White                Kurtis Foster            

Last Minutes Defensive
   Center                   Left Wing                Right Wing               Defense                  Defense                  
   Jonathan Toews           Ilya Kovalchuk           Joe Pavelski             Ian White                Jiri Slegr               

Goaltenders
Starting : Cam Ward                 
Backup : Byron Dafoe              

Extra Forwards
Normal : Patrick Marleau, Ilya Kovalchuk, Joe Pavelski - PP : Steve Begin, Patrick Kaleta - PK : Vernon Fiddler
Extra Defensemen
Normal : Ian White, Kurtis Foster, Jiri Slegr - PP : Joe Callahan - PK : Ian White, Kurtis Foster
Penalty Shots
Ilya Kovalchuk, Pavol Demitra, Patrick Marleau, Joe Pavelski, Steve Begin

Capitals

5 vs 5 Forward 
   Center                   Left Wing                Right Wing               Time % Phy DF OF 
 1 Evgeni Malkin            Thomas Vanek             Mike Richards            40     1   2  2  
 2 Peter Regin              Alex Tanguay             Brian Rolston            30     1   2  2  
 3 T.J. Oshie               Jason Blake              Ales Hemsky              20     1   2  2  
 4 Nicklas Backstrom        Éric Dazé                Evgeni Malkin            10     1   2  2  

5 vs 5 Defense 
   Defense                  Defense                                           Time % Phy DF OF 
 1 Sergei Gonchar           Brian Rafalski                                    40     1   2  2  
 2 François Beauchemin      Dennis Wideman                                    30     1   2  2  
 3 Toni Lydman              Darius Kasparaitis                                20     1   2  2  
 4 Sergei Gonchar           Brian Rafalski                                    10     1   2  2  

PowerPlay Forward 
   Center                   Left Wing                Right Wing               Time % Phy DF OF 
 1 Evgeni Malkin            Alex Tanguay             T.J. Oshie               60     1   2  2  
 2 Mike Richards            Thomas Vanek             Brian Rolston            40     1   2  2  

PowerPlay Defense
   Defense                  Defense                                           Time % Phy DF OF 
 1 Sergei Gonchar           Brian Rafalski                                    60     1   2  2  
 2 François Beauchemin      Dennis Wideman                                    40     1   2  2  

Penalty Kill 4 Players Forward 
   Center                   Wing                     Time % Phy DF OF 
 1 Evgeni Malkin            Alex Tanguay             60     1   2  2  
 2 Thomas Vanek             Mike Richards            40     1   2  2  

Penalty Kill 4 Players Defense
   Defense                  Defense                  Time % Phy DF OF 
 1 Sergei Gonchar           Brian Rafalski           60     1   2  2  
 2 François Beauchemin      Dennis Wideman           40     1   2  2  

Penalty Kill - 3 Players Forward 
   Forward                                           Time % Phy DF OF 
 1 Evgeni Malkin                                     60     1   2  2  
 2 Alex Tanguay                                      40     1   2  2  

Penalty Kill - 3 Players Defense
   Defense                  Defense                  Time % Phy DF OF 
 1 Sergei Gonchar           Brian Rafalski           60     1   2  2  
 2 François Beauchemin      Dennis Wideman           40     1   2  2  

4 vs 4 Forward 
   Center                   Wing                     Time % Phy DF OF 
 1 Evgeni Malkin            Alex Tanguay             60     1   2  2  
 2 Thomas Vanek             Mike Richards            40     1   2  2  

4 vs 4 Defense
   Defense                  Defense                  Time % Phy DF OF 
 1 Sergei Gonchar           Brian Rafalski           60     1   2  2  
 2 François Beauchemin      Dennis Wideman           40     1   2  2  

Last Minutes Offensive
   Center                   Left Wing                Right Wing               Defense                  Defense                  
   Evgeni Malkin            Alex Tanguay             Thomas Vanek             Sergei Gonchar           Brian Rafalski           

Last Minutes Defensive
   Center                   Left Wing                Right Wing               Defense                  Defense                  
   Evgeni Malkin            Alex Tanguay             Thomas Vanek             Sergei Gonchar           Brian Rafalski           

Goaltenders
Starting : Adam Munro               
Backup : Marty Turco              

Extra Forwards
Normal : Jason Blake, Peter Regin, Éric Dazé - PP : Jason Blake, Peter Regin - PK : Éric Dazé
Extra Defensemen
Normal : Toni Lydman, Darius Kasparaitis, François Beauchemin - PP : Toni Lydman - PK : Darius Kasparaitis, François Beauchemin
Penalty Shots
Evgeni Malkin, Alex Tanguay, Thomas Vanek, Mike Richards, Brian Rolston

% Time on Ice - Oilers

Lines # - Real PCT - Wanted PCT - Time Play
Normal Forward
1 - 32% - 35% - 12:48
2 - 31% - 35% - 12:23
3 - 21% - 20% - 8:25
4 - 16% - 10% - 6:15
Normal Defense
1 - 37% - 37% - 14:36
2 - 36% - 35% - 14:30
3 - 26% - 23% - 10:18
4 - 1% - 5% - 0:27
PP Forward
1 - 47% - 50% - 1:40
2 - 53% - 50% - 1:51
PP Defense
1 - 45% - 50% - 1:35
2 - 55% - 50% - 1:56
PK Forward
1 - 48% - 50% - 5:08
2 - 52% - 50% - 5:31
PK Defense
1 - 49% - 50% - 5:16
2 - 51% - 50% - 5:23
PK3 Forward
1 - 54% - 50% - 0:26
2 - 46% - 50% - 0:22
PK3 Defense
1 - 35% - 50% - 0:17
2 - 65% - 50% - 0:31
44 Forward
1 - 50% - 50% - 2:37
2 - 50% - 50% - 2:34
44 Defense
1 - 45% - 50% - 2:19
2 - 55% - 50% - 2:52
Last Minute Offensive  - 0:00
Last Minute Defensive  - 0:00
Total
Forward - 60:00
Defense - 60:00

% Time on Ice - Capitals

Lines # - Real PCT - Wanted PCT - Time Play
Normal Forward
1 - 33% - 40% - 13:09
2 - 29% - 30% - 11:37
3 - 23% - 20% - 9:06
4 - 15% - 10% - 5:59
Normal Defense
1 - 38% - 40% - 15:05
2 - 30% - 30% - 12:02
3 - 28% - 20% - 11:02
4 - 4% - 10% - 1:42
PP Forward
1 - 55% - 60% - 6:17
2 - 45% - 40% - 5:10
PP Defense
1 - 54% - 60% - 6:09
2 - 46% - 40% - 5:18
PK Forward
1 - 72% - 60% - 2:32
2 - 28% - 40% - 0:59
PK Defense
1 - 82% - 60% - 2:52
2 - 18% - 40% - 0:39
PK3 Forward
1 - 0% - 60%
2 - 0% - 40%
PK3 Defense
1 - 0% - 60%
2 - 0% - 40%
44 Forward
1 - 75% - 60% - 3:53
2 - 25% - 40% - 1:18
44 Defense
1 - 53% - 60% - 2:44
2 - 47% - 40% - 2:27
Last Minute Offensive  - 0:00
Last Minute Defensive  - 0:00
Total
Forward - 60:00
Defense - 60:00

Play by Play

1st period


0:01 of 1st period - Evgeni Malkin wins face-off versus Jonathan Toews in neutral zone.
0:13 of 1st period - Thomas Vanek beats up Ilya Kovalchuk.
0:13 of 1st period - Penalty to Thomas Vanek for Fighting.
0:13 of 1st period - Penalty to Ilya Kovalchuk for Fighting.
0:14 of 1st period - Erik Rasmussen wins face-off versus Peter Regin in neutral zone.
0:40 of 1st period - Steve Begin is hit by Jason Blake and loses puck.
1:19 of 1st period - Snap shot by Evgeni Malkin.
1:19 of 1st period - Shot Blocked by Pavol Demitra.
1:25 of 1st period - Snap shot by Patrick Marleau.
1:25 of 1st period - Stopped by Adam Munro with a rebound.
1:27 of 1st period - Slapshot by Mark Fistric.
1:27 of 1st period - Shot Misses the Net.
1:34 of 1st period - Icing by Nicklas Backstrom.
1:35 of 1st period - Nicklas Backstrom wins face-off versus Marty Reasoner in Capitals zone.
1:35 of 1st period - Nicklas Backstrom is hit by Kurtis Foster.
1:41 of 1st period - Kurtis Foster is hit by Darius Kasparaitis.
1:51 of 1st period - Backhand shot by Ales Hemsky.
1:51 of 1st period - Stopped by Cam Ward with a rebound.
2:07 of 1st period - Wrist shot by Erik Rasmussen.
2:07 of 1st period - Shot Blocked by Brian Rafalski.
2:09 of 1st period - Snap shot by Kurtis Foster.
2:09 of 1st period - Shot Misses the Net.
2:11 of 1st period - Backhand shot by Kurtis Foster.
2:11 of 1st period - Shot Hit the Post.
2:27 of 1st period - Slapshot by Jonathan Toews.
2:27 of 1st period - Stopped by Adam Munro with a rebound.
2:47 of 1st period - Snap shot by Brian Rafalski.
2:47 of 1st period - Stopped by Cam Ward without a rebound.
2:48 of 1st period - Evgeni Malkin wins face-off versus Erik Rasmussen in Oilers zone.
3:13 of 1st period - Joe Callahan is hit by T.J. Oshie and loses puck.
3:32 of 1st period - Slapshot by Nicklas Backstrom.
3:32 of 1st period - Shot Misses the Net.
3:35 of 1st period - Minor Penalty to Mark Fistric for Tripping.
3:36 of 1st period - Evgeni Malkin wins face-off versus Steve Begin in Oilers zone.
3:39 of 1st period - Backhand shot by Evgeni Malkin.
3:39 of 1st period - Stopped by Cam Ward without a rebound.
3:40 of 1st period - Marty Reasoner wins face-off versus Evgeni Malkin in Oilers zone.
4:12 of 1st period - Slapshot by Sergei Gonchar.
4:12 of 1st period - Shot Misses the Net.
4:14 of 1st period - Slapshot by Brian Rolston.
4:14 of 1st period - Shot Blocked by Jiri Slegr.
4:16 of 1st period - Slapshot by Brian Rafalski.
4:16 of 1st period - Stopped by Cam Ward with a rebound.
4:36 of 1st period - Wrist shot by Peter Regin.
4:36 of 1st period - Stopped by Cam Ward without a rebound.
4:37 of 1st period - Marty Reasoner wins face-off versus Mike Richards in Oilers zone.
5:13 of 1st period - Penalty to Ilya Kovalchuk is over, Ilya Kovalchuk is back on ice.
5:35 of 1st period - Penalty to Mark Fistric is over, Mark Fistric is back on ice.
7:10 of 1st period - Snap shot by Nicklas Backstrom.
7:10 of 1st period - Shot Misses the Net.
7:16 of 1st period - Darius Kasparaitis is hit by Joe Callahan.
7:17 of 1st period - Minor Penalty to Ilya Kovalchuk for Holding.
7:18 of 1st period - Evgeni Malkin wins face-off versus Marty Reasoner in Oilers zone.
7:51 of 1st period - Slapshot by Marty Reasoner.
7:51 of 1st period - Shot Hit the Post.
8:30 of 1st period - Dennis Wideman is hit by Eric Nystrom and loses puck.
9:17 of 1st period - Penalty to Ilya Kovalchuk is over, Ilya Kovalchuk is back on ice.
9:34 of 1st period - Wrist shot by Ilya Kovalchuk.
9:34 of 1st period - Stopped by Adam Munro with a rebound.
9:44 of 1st period - Darius Kasparaitis is hit by Patrick Marleau and loses puck.
9:58 of 1st period - Wrist shot by Patrick Marleau.
9:58 of 1st period - Shot Misses the Net.
10:12 of 1st period - Joe Callahan is hit by Éric Dazé.
10:15 of 1st period - Off-side.
10:16 of 1st period - Jonathan Toews wins face-off versus Nicklas Backstrom in neutral zone.
10:21 of 1st period - Wrist shot by Jonathan Toews.
10:21 of 1st period - Stopped by Adam Munro with a rebound.
10:49 of 1st period - Evgeni Malkin is hit by Marty Reasoner and loses puck.
10:59 of 1st period - Minor Penalty to Brian Rafalski for Roughing.
11:00 of 1st period - Evgeni Malkin wins face-off versus Jonathan Toews in Capitals zone.
11:00 of 1st period - Evgeni Malkin is hit by Jonathan Toews.
11:31 of 1st period - Alex Tanguay is hit by Jiri Slegr and loses puck.
11:44 of 1st period - Slapshot by Mike Richards.
11:44 of 1st period - Deflect By Thomas Vanek.
11:44 of 1st period - Stopped by Cam Ward with a rebound.
11:50 of 1st period - Darius Kasparaitis is hit by Joe Callahan.
11:56 of 1st period - Joe Pavelski is hit by Mike Richards and loses puck.
12:05 of 1st period - Thomas Vanek is hit by Kurtis Foster and loses puck.
12:10 of 1st period - Wrist shot by Ilya Kovalchuk.
12:10 of 1st period - Goal by Ilya Kovalchuk - Oilers : 1 - Capitals : 0.
12:11 of 1st period - Evgeni Malkin wins face-off versus Marty Reasoner in neutral zone.
12:24 of 1st period - Wrist shot by Mike Richards.
12:24 of 1st period - Shot Blocked by Marty Reasoner.
12:55 of 1st period - Slapshot by Ilya Kovalchuk.
12:55 of 1st period - Shot Misses the Net.
12:57 of 1st period - Slapshot by Rob Scuderi.
12:57 of 1st period - Stopped by Adam Munro with a rebound.
12:59 of 1st period - Slapshot by Kurtis Foster.
12:59 of 1st period - Shot Blocked by Ales Hemsky.
13:01 of 1st period - Snap shot by Joe Callahan.
13:01 of 1st period - Shot Blocked by Brian Rafalski.
13:03 of 1st period - Snap shot by Ilya Kovalchuk.
13:03 of 1st period - Deflect By Jonathan Toews.
13:03 of 1st period - Stopped by Adam Munro with a rebound.
13:48 of 1st period - Wrist shot by Thomas Vanek.
13:48 of 1st period - Stopped by Cam Ward without a rebound.
13:49 of 1st period - Jonathan Toews wins face-off versus Peter Regin in Oilers zone.
15:26 of 1st period - Icing by François Beauchemin.
15:27 of 1st period - Erik Rasmussen wins face-off versus Evgeni Malkin in Capitals zone.
15:34 of 1st period - Snap shot by Joe Pavelski.
15:34 of 1st period - Deflect By Erik Rasmussen.
15:34 of 1st period - Shot Misses the Net.
15:34 of 1st period - Puck is out of play.
15:35 of 1st period - Brian Rolston wins face-off versus Erik Rasmussen in Capitals zone.
15:49 of 1st period - Snap shot by Patrick Marleau.
15:49 of 1st period - Stopped by Adam Munro without a rebound.
15:50 of 1st period - Jonathan Toews wins face-off versus T.J. Oshie in Capitals zone.
15:51 of 1st period - Slapshot by Ilya Kovalchuk.
15:51 of 1st period - Shot Blocked by Brian Rafalski.
15:53 of 1st period - Snap shot by Jonathan Toews.
15:53 of 1st period - Shot Blocked by Sergei Gonchar.
15:55 of 1st period - Slapshot by Ilya Kovalchuk.
15:55 of 1st period - Stopped by Adam Munro with a rebound.
16:32 of 1st period - Peter Regin is hit by Patrick Marleau and loses puck.
17:27 of 1st period - Snap shot by Patrick Marleau.
17:27 of 1st period - Shot Misses the Net.
17:36 of 1st period - Off-side.
17:37 of 1st period - Evgeni Malkin wins face-off versus Jonathan Toews in neutral zone.
17:42 of 1st period - Ilya Kovalchuk is hit by François Beauchemin and loses puck.
18:11 of 1st period - Wrist shot by Ilya Kovalchuk.
18:11 of 1st period - Shot Blocked by Jason Blake.
19:09 of 1st period - Ales Hemsky is hit by Kurtis Foster.
19:37 of 1st period - Mark Fistric is hit by Éric Dazé and loses puck.

2nd period


0:01 of 2nd period - Evgeni Malkin wins face-off versus Jonathan Toews in neutral zone.
0:26 of 2nd period - Brian Rafalski is hit by Patrick Kaleta and loses puck.
0:35 of 2nd period - Steve Begin is hit by Mike Richards.
0:38 of 2nd period - Off-side.
0:39 of 2nd period - Peter Regin wins face-off versus Erik Rasmussen in neutral zone.
0:50 of 2nd period - Slapshot by Erik Rasmussen.
0:50 of 2nd period - Deflect By Joe Pavelski.
0:50 of 2nd period - Stopped by Adam Munro without a rebound.
0:51 of 2nd period - Jonathan Toews wins face-off versus Peter Regin in Capitals zone.
1:36 of 2nd period - Evgeni Malkin is hit by Eric Nystrom and loses puck.
1:53 of 2nd period - Slapshot by Evgeni Malkin.
1:53 of 2nd period - Stopped by Cam Ward with a rebound.
1:55 of 2nd period - Slapshot by Sergei Gonchar.
1:55 of 2nd period - Stopped by Cam Ward with a rebound.
1:57 of 2nd period - Snap shot by Brian Rafalski.
1:57 of 2nd period - Deflect By Thomas Vanek.
1:57 of 2nd period - Shot Misses the Net.
1:57 of 2nd period - Puck is out of play.
1:58 of 2nd period - Brian Rolston wins face-off versus Marty Reasoner in Oilers zone.
2:30 of 2nd period - Minor Penalty to Ales Hemsky for Holding.
2:31 of 2nd period - Erik Rasmussen wins face-off versus Evgeni Malkin in Capitals zone.
2:36 of 2nd period - Snap shot by Pavol Demitra.
2:36 of 2nd period - Stopped by Adam Munro with a rebound.
2:38 of 2nd period - Snap shot by Pavol Demitra.
2:38 of 2nd period - Stopped by Adam Munro without a rebound.
2:39 of 2nd period - Patrick Marleau wins face-off versus Evgeni Malkin in Capitals zone.
2:40 of 2nd period - Wrist shot by Erik Rasmussen.
2:40 of 2nd period - Shot Misses the Net.
2:42 of 2nd period - Wrist shot by Pavol Demitra.
2:42 of 2nd period - Deflect By Patrick Marleau.
2:42 of 2nd period - Shot Misses the Net.
2:42 of 2nd period - Puck is out of play.
2:43 of 2nd period - Evgeni Malkin wins face-off versus Erik Rasmussen in Capitals zone.
3:57 of 2nd period - Dennis Wideman is hit by Patrick Marleau and loses puck.
4:30 of 2nd period - Penalty to Ales Hemsky is over, Ales Hemsky is back on ice.
4:45 of 2nd period - Jason Blake is hit by Pascal Dupuis and loses puck.
4:52 of 2nd period - Slapshot by Eric Nystrom.
4:52 of 2nd period - Shot Blocked by Ales Hemsky.
4:54 of 2nd period - Slapshot by Ian White.
4:54 of 2nd period - Shot Blocked by Dennis Wideman.
5:04 of 2nd period - Ales Hemsky is hit by Patrick Kaleta and loses puck.
5:17 of 2nd period - Slapshot by Dennis Wideman.
5:17 of 2nd period - Shot Misses the Net.
6:28 of 2nd period - Eric Nystrom is hit by Alex Tanguay and loses puck.
7:07 of 2nd period - Wrist shot by Ilya Kovalchuk.
7:07 of 2nd period - Stopped by Adam Munro without a rebound.
7:08 of 2nd period - T.J. Oshie wins face-off versus Jonathan Toews in Capitals zone.
8:34 of 2nd period - Kurtis Foster is hit by Brian Rolston.
8:55 of 2nd period - Slapshot by Kurtis Foster.
8:55 of 2nd period - Stopped by Adam Munro without a rebound.
8:56 of 2nd period - Nicklas Backstrom wins face-off versus Erik Rasmussen in Capitals zone.
9:14 of 2nd period - Off-side.
9:15 of 2nd period - Evgeni Malkin wins face-off versus Jonathan Toews in neutral zone.
10:07 of 2nd period - Slapshot by Sergei Gonchar.
10:07 of 2nd period - Shot Misses the Net.
10:09 of 2nd period - Slapshot by Sergei Gonchar.
10:09 of 2nd period - Shot Blocked by Rob Scuderi.
10:37 of 2nd period - Snap shot by Ales Hemsky.
10:37 of 2nd period - Shot Misses the Net.
10:53 of 2nd period - François Beauchemin is hit by Vernon Fiddler and loses puck.
10:57 of 2nd period - Minor Penalty to Mark Fistric for Holding.
10:58 of 2nd period - Erik Rasmussen wins face-off versus Alex Tanguay in Oilers zone.
10:58 of 2nd period - Erik Rasmussen is hit by T.J. Oshie.
11:15 of 2nd period - Snap shot by Steve Begin.
11:15 of 2nd period - Stopped by Adam Munro with a rebound.
12:57 of 2nd period - Penalty to Mark Fistric is over, Mark Fistric is back on ice.
13:17 of 2nd period - Joe Callahan is hit by Sergei Gonchar and loses puck.
14:06 of 2nd period - Toni Lydman is hit by Jiri Slegr and loses puck.
14:19 of 2nd period - Jiri Slegr is hit by T.J. Oshie and loses puck.
14:50 of 2nd period - Snap shot by Pavol Demitra.
14:50 of 2nd period - Shot Misses the Net.
14:52 of 2nd period - Wrist shot by Jonathan Toews.
14:52 of 2nd period - Shot Misses the Net.
14:54 of 2nd period - Wrist shot by Mark Fistric.
14:54 of 2nd period - Stopped by Adam Munro with a rebound.
15:54 of 2nd period - Minor Penalty to Eric Nystrom for High sticking.
15:55 of 2nd period - Erik Rasmussen wins face-off versus Evgeni Malkin in Oilers zone.
16:01 of 2nd period - Icing by Alex Tanguay.
16:02 of 2nd period - Marty Reasoner wins face-off versus Evgeni Malkin in Capitals zone.
16:42 of 2nd period - Backhand shot by Dennis Wideman.
16:42 of 2nd period - Shot Misses the Net.
17:06 of 2nd period - Snap shot by Alex Tanguay.
17:06 of 2nd period - Stopped by Cam Ward without a rebound.
17:07 of 2nd period - Marty Reasoner wins face-off versus Mike Richards in Oilers zone.
17:54 of 2nd period - Penalty to Eric Nystrom is over, Eric Nystrom is back on ice.
17:56 of 2nd period - Snap shot by Eric Nystrom.
17:56 of 2nd period - Shot Misses the Net.
18:02 of 2nd period - Erik Rasmussen is hit by Peter Regin and loses puck.
19:10 of 2nd period - Wrist shot by Pascal Dupuis.
19:10 of 2nd period - Shot Hit the Post.
19:12 of 2nd period - Snap shot by Eric Nystrom.
19:12 of 2nd period - Stopped by Adam Munro with a rebound.

3rd period


0:01 of 3rd period - Erik Rasmussen wins face-off versus Thomas Vanek in neutral zone.
0:31 of 3rd period - Wrist shot by Ilya Kovalchuk.
0:31 of 3rd period - Shot Misses the Net.
0:32 of 3rd period - Minor Penalty to Jonathan Toews for Slashing.
0:33 of 3rd period - Evgeni Malkin wins face-off versus Erik Rasmussen in Oilers zone.
0:54 of 3rd period - Snap shot by Steve Begin.
0:54 of 3rd period - Stopped by Adam Munro with a rebound.
1:43 of 3rd period - Minor Penalty to Eric Nystrom for Roughing.
1:44 of 3rd period - Mike Richards wins face-off versus Marty Reasoner in Oilers zone.
1:59 of 3rd period - Snap shot by Thomas Vanek.
1:59 of 3rd period - Stopped by Cam Ward with a rebound.
2:32 of 3rd period - Penalty to Jonathan Toews is over, Jonathan Toews is back on ice.
3:43 of 3rd period - Penalty to Eric Nystrom is over, Eric Nystrom is back on ice.
3:51 of 3rd period - Snap shot by Peter Regin.
3:51 of 3rd period - Shot Misses the Net.
4:21 of 3rd period - Minor Penalty to Brian Rolston for Hooking.
4:21 of 3rd period - Minor Penalty to Pascal Dupuis for Holding.
4:22 of 3rd period - Erik Rasmussen wins face-off versus Evgeni Malkin in neutral zone.
5:14 of 3rd period - Snap shot by Thomas Vanek.
5:14 of 3rd period - Shot Blocked by Rob Scuderi.
5:44 of 3rd period - Slapshot by Dennis Wideman.
5:44 of 3rd period - Stopped by Cam Ward with a rebound.
5:46 of 3rd period - Slapshot by Dennis Wideman.
5:46 of 3rd period - Stopped by Cam Ward without a rebound.
5:47 of 3rd period - Erik Rasmussen wins face-off versus Jason Blake in Oilers zone.
6:07 of 3rd period - Icing by Evgeni Malkin.
6:08 of 3rd period - Marty Reasoner wins face-off versus Evgeni Malkin in Capitals zone.
6:11 of 3rd period - Wrist shot by Ilya Kovalchuk.
6:11 of 3rd period - Stopped by Adam Munro with a rebound.
6:13 of 3rd period - Wrist shot by Kurtis Foster.
6:13 of 3rd period - Shot Blocked by François Beauchemin.
6:15 of 3rd period - Wrist shot by Ilya Kovalchuk.
6:15 of 3rd period - Stopped by Adam Munro with a rebound.
6:17 of 3rd period - Slapshot by Kurtis Foster.
6:17 of 3rd period - Shot Blocked by Alex Tanguay.
6:21 of 3rd period - Penalty to Brian Rolston is over, Brian Rolston is back on ice.
6:21 of 3rd period - Penalty to Pascal Dupuis is over, Pascal Dupuis is back on ice.
7:25 of 3rd period - Slapshot by Joe Pavelski.
7:25 of 3rd period - Stopped by Adam Munro with a rebound.
7:27 of 3rd period - Snap shot by Jiri Slegr.
7:27 of 3rd period - Stopped by Adam Munro without a rebound.
7:28 of 3rd period - Peter Regin wins face-off versus Erik Rasmussen in Capitals zone.
7:28 of 3rd period - Peter Regin is hit by Joe Pavelski.
7:42 of 3rd period - Wrist shot by Joe Pavelski.
7:42 of 3rd period - Stopped by Adam Munro without a rebound.
7:43 of 3rd period - Jonathan Toews wins face-off versus Evgeni Malkin in Capitals zone.
8:31 of 3rd period - Slapshot by Steve Begin.
8:31 of 3rd period - Shot Blocked by Dennis Wideman.
8:33 of 3rd period - Snap shot by Joe Callahan.
8:33 of 3rd period - Stopped by Adam Munro with a rebound.
8:35 of 3rd period - Slapshot by Joe Callahan.
8:35 of 3rd period - Deflect By Patrick Kaleta.
8:35 of 3rd period - Shot Misses the Net.
8:35 of 3rd period - Puck is out of play.
8:36 of 3rd period - Jonathan Toews wins face-off versus Mike Richards in Capitals zone.
8:37 of 3rd period - Snap shot by Ilya Kovalchuk.
8:37 of 3rd period - Stopped by Adam Munro with a rebound.
8:44 of 3rd period - Off-side.
8:45 of 3rd period - Evgeni Malkin wins face-off versus Jonathan Toews in neutral zone.
8:54 of 3rd period - Snap shot by Ilya Kovalchuk.
8:54 of 3rd period - Stopped by Adam Munro with a rebound.
9:03 of 3rd period - Off-side.
9:04 of 3rd period - Patrick Marleau wins face-off versus Peter Regin in neutral zone.
9:13 of 3rd period - Snap shot by Brian Rafalski.
9:13 of 3rd period - Shot Blocked by Kurtis Foster.
9:15 of 3rd period - Slapshot by Brian Rafalski.
9:15 of 3rd period - Stopped by Cam Ward without a rebound.
9:16 of 3rd period - Evgeni Malkin wins face-off versus Jonathan Toews in Oilers zone.
9:19 of 3rd period - Wrist shot by Evgeni Malkin.
9:19 of 3rd period - Shot Misses the Net.
9:41 of 3rd period - Patrick Marleau is hit by Brian Rolston and loses puck.
10:30 of 3rd period - Wrist shot by Evgeni Malkin.
10:30 of 3rd period - Shot Misses the Net.
10:32 of 3rd period - Slapshot by Nicklas Backstrom.
10:32 of 3rd period - Stopped by Cam Ward without a rebound.
10:33 of 3rd period - Peter Regin wins face-off versus Jonathan Toews in Oilers zone.
11:27 of 3rd period - Wrist shot by Patrick Kaleta.
11:27 of 3rd period - Shot Misses the Net.
12:13 of 3rd period - François Beauchemin is hit by Joe Callahan and loses puck.
13:10 of 3rd period - Snap shot by Jonathan Toews.
13:10 of 3rd period - Shot Misses the Net.
13:38 of 3rd period - Minor Penalty to Sergei Gonchar for Hooking.
13:39 of 3rd period - Erik Rasmussen wins face-off versus Evgeni Malkin in Capitals zone.
13:59 of 3rd period - Minor Penalty to Ian White for Tripping.
14:00 of 3rd period - Evgeni Malkin wins face-off versus Marty Reasoner in Oilers zone.
14:01 of 3rd period - Snap shot by Alex Tanguay.
14:01 of 3rd period - Shot Misses the Net.
14:11 of 3rd period - Slapshot by Patrick Marleau.
14:11 of 3rd period - Stopped by Adam Munro with a rebound.
14:55 of 3rd period - Icing by Dennis Wideman.
14:56 of 3rd period - Marty Reasoner wins face-off versus Evgeni Malkin in Capitals zone.
14:59 of 3rd period - Snap shot by Patrick Marleau.
14:59 of 3rd period - Stopped by Adam Munro with a rebound.
15:21 of 3rd period - Snap shot by Thomas Vanek.
15:21 of 3rd period - Shot Blocked by Jiri Slegr.
15:38 of 3rd period - Penalty to Sergei Gonchar is over, Sergei Gonchar is back on ice.
15:59 of 3rd period - Penalty to Ian White is over, Ian White is back on ice.
16:18 of 3rd period - Wrist shot by Pavol Demitra.
16:18 of 3rd period - Stopped by Adam Munro with a rebound.
16:20 of 3rd period - Snap shot by Rob Scuderi.
16:20 of 3rd period - Stopped by Adam Munro without a rebound.
16:21 of 3rd period - Jason Blake wins face-off versus Erik Rasmussen in Capitals zone.
16:25 of 3rd period - Jason Blake is hit by Patrick Marleau and loses puck.
16:35 of 3rd period - Darius Kasparaitis is hit by Jiri Slegr and loses puck.
17:13 of 3rd period - Slapshot by Ian White.
17:13 of 3rd period - Stopped by Adam Munro with a rebound.
17:44 of 3rd period - Joe Pavelski is hit by T.J. Oshie and loses puck.
17:59 of 3rd period - Slapshot by Joe Callahan.
17:59 of 3rd period - Shot Blocked by Sergei Gonchar.
18:05 of 3rd period - Sergei Gonchar is hit by Jonathan Toews and loses puck.
18:25 of 3rd period - Minor Penalty to Darius Kasparaitis for Tripping.
18:25 of 3rd period - Minor Penalty to Eric Nystrom for Cross-checking.
18:26 of 3rd period - Marty Reasoner wins face-off versus Evgeni Malkin in neutral zone.
18:29 of 3rd period - Alex Tanguay is hit by Marty Reasoner and loses puck.
18:40 of 3rd period - Snap shot by Alex Tanguay.
18:40 of 3rd period - Stopped by Cam Ward with a rebound.
18:52 of 3rd period - Sergei Gonchar is hit by Ilya Kovalchuk and loses puck.
19:18 of 3rd period - Icing by Ian White.
19:19 of 3rd period - Evgeni Malkin wins face-off versus Erik Rasmussen in Oilers zone.


Output by the SimonT Hockey Simulator (STHS) for François Prévost -- Original Page W3C XHTML 1.0 Valid
Hockey Simulator - Hockey Simulation - Hockey Manager